 Dungeon Crawl Stone Soup version 0.27.1-37-g7b29ead8ac (webtiles) character file.

Game seed: 14335036416610036021

132 AarnesTheHuman the Changer (level 5, -6/37 HPs)
             Began as a Merfolk Transmuter on Aug 24, 2023.
             Killed from afar by an orc wizard (10 damage)
             ... with a puff of flame
             ... on level 3 of the Dungeon.
             The game lasted 00:06:25 (3012 turns).

AarnesTheHuman the Changer (Merfolk Transmuter)     Turns: 3012, Time: 00:06:26

Health: -6/37      AC:  3    Str:  7 (10) XL:     5   Next: 15%
Magic:  8/8        EV: 12    Int: 12 (14) God:
Gold:   123        SH:  0    Dex: 12 (14) Spells: 2/8 levels left

rFire    . . .     SeeInvis .   a - +0 trident
rCold    . . .     Faith    .   (no shield)
rNeg     . . .     Spirit   .   i - +0 robe
rPois    .         Reflect  .   (no helmet)
rElec    .         Harm     .   (no cloak)
rCorr    .         Rampage  .   t - +0 pair of gloves
Will     +....                  (no boots)
Stlth    +.........             (no amulet)
HPRegen  0.12/turn              r - ring of willpower
MPRegen  0.11/turn              (no ring)

@: attractive, flying, very slightly contaminated, invisible
A: (nimble swimmer 2), mertail
a: no special abilities


You were on level 3 of the Dungeon.
You visited 1 branch of the dungeon, and saw 3 of its levels.

You collected 123 gold pieces.

Inventory:

Hand Weapons
 a - a +0 trident (weapon)
 b - a +0 hunting sling
 e - a +0 club
 s - a +0 dagger
 v - a +0 spear
Missiles
 n - 90 stones
Armour
 i - a +0 robe (worn)
 t - a +0 pair of gloves (worn)
Jewellery
 r - a ring of willpower (left hand)
Scrolls
 f - 4 scrolls of identify {unknown}
 h - 3 scrolls of teleportation {unknown}
 k - a scroll of amnesia {unknown}
 m - a scroll of fog {unknown}
 o - a scroll of torment {unknown}
 q - a scroll of fear {unknown}
Potions
 c - a potion of flight
 p - a potion of resistance {unknown}
 u - a potion of lignification {unknown}


   Skills:
 + Level 1.5 Fighting
 - Level 3.0 Polearms
 - Level 2.6 Dodging
 - Level 3.2 Unarmed Combat
 - Level 2.0 Spellcasting
 - Level 6.0 Transmutations


You had 2 spell levels left.
You knew the following spells:

 Your Spells              Type           Power      Damage    Failure   Level
a - Beastly Appendage     Tmut           30%        N/A       2%          1
b - Wereblood             Tmut           15%        N/A       3%          2
c - Spider Form           Tmut/Pois      4%         N/A       24%         3

Your spell library contained the following spells:

 Spells                   Type           Power      Damage    Failure   Level
 Corona                   Hex            1%         N/A       26%         1
 Ensorcelled Hibernation  Hex/Ice        2%         N/A       38%         2
 Ice Form                 Ice/Tmut       8%         N/A       61%         4
 Tukima's Dance           Hex            1%         N/A       63%         3
 Conjure Ball Lightning   Conj/Air       0%         3x3d6     100%        6
 Discord                  Hex            0%         N/A       100%        8
 Disjunction              Tloc           0%         N/A       100%        8


Dungeon Overview and Level Annotations

Branches:
Dungeon (3/15)

Altars:


Innate Abilities, Weirdness & Mutations

((You are quick and stealthy near water. (Stealth+, EV+, Speed+++)))
Your lower body shifts to a powerful aquatic tail in water.


Message History

It was a potion of invisibility.
You fade into invisibility!
You feel less confused.
* * * LOW HITPOINT WARNING * * *
You feel sick. The orc closely misses you. Something hits you.
* * * LOW HITPOINT WARNING * * *
You are very lightly contaminated with residual magic.
It was a potion of attraction.
You feel attractive to monsters.
* * * LOW HITPOINT WARNING * * *
You feel sick. The orc closely misses you. Something hits you.
* * * LOW HITPOINT WARNING * * *
You are more poisoned.
It was a potion of curing.
You feel better. The orc hits you with a +0 hand axe.
You hear some strange, mumbled words.
A puff of flame appears from out of thin air!
The puff of flame misses you.
You barely miss something. Your headbutt misses something.
Your primal bloodlust is almost over.
The orc closely misses you. Something hits you.
* * * LOW HITPOINT WARNING * * *
Something is pulled toward you!
Your horns disappear.
A puff of flame appears from out of thin air!
The puff of flame hits the orc.
Something is pulled toward you!
Your primal bloodlust has ended.
Something is pulled toward you! The orc is pulled toward you!
A magic dart appears from out of thin air!
The magic dart hits you.
* * * LOW HITPOINT WARNING * * *
Something is pulled toward you! The orc is pulled toward you!
The orc shouts!
Okay, then.
Something is pulled toward you! The orc is pulled toward you!
Something is pulled toward you! The orc is pulled toward you!
Something is pulled toward you! The orc is pulled toward you!
You hear some strange, mumbled words.
A puff of flame appears from out of thin air!
The puff of flame hits you!
You die...

#.######## ##.#..###.## #
####....))..# #.#..# ### ###
....#######<####.#..# #..
###.....###....#.#..## ###.#
#####....###.#.#...########...#
####...#................###
###...#.#.#............. #
###................... #####
###@#............... ....#######
#.#..#............
###.......######{o.##............
#######.....##................. .
#####.#.....#............ ..
##........###........>... #..
#..##.....########.##.... #..
##.#####.........##.######
#..###..###...#.#####.##..#####


You could see an orc.

Vanquished Creatures
  An orc wizard (D:3)
  3 adders (D:3)
  3 dart slugs
  7 orcs (D:3)
  5 endoplasms
  7 goblins
  10 hobgoblins
  A jackal (D:1)
  5 quokkas
  6 ball pythons
  8 bats
  2 frilled lizards
  2 kobolds (D:2)
  3 rats
63 creatures vanquished.

Vanquished Creatures (others)
  3 fungi (D:3)
3 creatures vanquished.

Grand Total: 66 creatures vanquished

Notes
Turn   | Place    | Note
-------+----------+-------------------------------------------
     0 | D:1      | AarnesTheHuman the Merfolk Transmuter began the quest for
                  | the Orb.
     0 | D:1      | Reached XP level 1. HP: 15/15 MP: 3/3
    49 | D:1      | Reached skill level 3 in Transmutations
   306 | D:1      | Reached XP level 2. HP: 15/21 MP: 3/5
   599 | D:1      | Reached skill level 4 in Transmutations
   979 | D:1      | Reached skill level 1 in Polearms
   986 | D:1      | Reached XP level 3. HP: 22/26 MP: 4/6
  1384 | D:1      | Found a faded altar of an unknown god.
  1384 | D:1      | Noticed a soul eater
  1464 | D:2      | Learned a level 2 spell: Wereblood
  2170 | D:3      | Learned a level 3 spell: Spider Form
  2187 | D:3      | Reached XP level 4. HP: 21/32 MP: 3/7
  2373 | D:3      | Reached skill level 5 in Transmutations
  2885 | D:3      | Reached XP level 5. HP: 37/37 MP: 4/8
  2889 | D:3      | Reached skill level 6 in Transmutations
  3012 | D:3      | Killed from afar by an orc wizard

Illustrated notes

Levels and vault maps discovered:
D:1:      dpeg_arrival_tiny_a, layout_loops_ring,
          dreamdust_ecumenical_altar_sealed_demon, minmay_nonomino_d4
D:2:      minmay_chambers_of_ones, layout_rooms
D:3:      layout_rooms, uniq_crazy_yiuf_cottage

Skill      XL: |  1  2  3  4  5 |
---------------+----------------+-----
Transmutations | 3 4 5 6 |  6.0
Polearms       | 1 2 3 |  3.0
Fighting       | |  1.5
Dodging        | |  2.6
Unarmed Combat | |  3.2
Spellcasting   | |  2.0

Action                   |  1- 3 |  4- 6 || total
-------------------------+-------+-------++-------
Melee: Dagger            |    34 |       ||    34
       Unarmed           |    13 |       ||    13
       Headbutt          |    11 |     3 ||    14
       Club              |     1 |       ||     1
       Spear             |   118 |    53 ||   171
       Punch             |     1 |     3 ||     4
       Trident           |       |    27 ||    27
 Fire: Hunting sling     |     6 |       ||     6
 Cast: Beastly Appendage |    25 |     6 ||    31
       Wereblood         |     8 |     6 ||    14
  Use: Potion            |       |     5 ||     5
 Stab: Sleeping          |     1 |     1 ||     2
Armor: Robe              |    34 |    14 ||    48
Dodge: Dodged            |   112 |    39 ||   151
